 Dungeon Crawl Stone Soup version 0.30-a0-325-gb515db48ae (console) character file.

Game seed: 12501068757801228291

58 Ignak the Trooper (level 4, -1/45 HPs)
             Began as an Ogre Warper on Oct 28, 2022.
             Slain by a kobold
             ... wielding a +0 short sword
              (4 damage)
             ... on level 2 of the Dungeon.
             The game lasted 00:01:50 (1198 turns).

Ignak the Trooper (Ogre Warper)                     Turns: 1198, Time: 00:01:51

Health: -1/45      AC:  3    Str: 17    XL:     4   Next: 2%
Magic:  8/8        EV: 10    Int: 14    God:
Gold:   71         SH:  0    Dex:  8    Spells: 3/8 levels left

rFire   . . .      SeeInvis .    a - +0 mace
rCold   . . .      Faith    .    (no shield)
rNeg    . . .      Spirit   .    b - +0 robe
rPois   .          Reflect  .    (helmet restricted)
rElec   .          Harm     .    (no cloak)
rCorr   .          Rampage  .    (gloves unavailable)
Will    .....                    (boots unavailable)
Stlth   +.........               (no amulet)
HPRegen 0.27/turn                (no ring)
MPRegen 0.11/turn                (no ring)

@: no status effects
A: large, unfitting armour, tough skin 1
a: no special abilities


You were on level 2 of the Dungeon.
You visited 1 branch of the dungeon, and saw 2 of its levels.

You collected 71 gold pieces.

Inventory:

Hand Weapons
 a - a +0 mace (weapon)
Missiles
 d - 7 boomerangs of dispersal
 h - 3 javelins (quivered)
Armour
 b - a +0 robe (worn)
Scrolls
 c - a scroll of blinking
 e - a scroll of torment {unknown}
 f - a scroll of fear {unknown}
 g - a scroll of vulnerability {unknown}
 i - a scroll of identify {unknown}
 j - a scroll of enchant armour {unknown}


   Skills:
 * Level 3.3 Fighting
 * Level 2.3 Maces & Flails
 + Level 1.4 Throwing
 * Level 2.6 Dodging
 + Level 0.3 Unarmed Combat
 + Level 2.7 Spellcasting
 + Level 2.9 Translocations


You had 3 spell levels left.
You knew the following spells:

 Your Spells              Type           Power      Damage    Failure   Level
a - Teleport Other        Tloc           10%        N/A       21%         3
b - Blink                 Tloc           20%        N/A       10%         2

Your spell library contained the following spells:

 Spells                   Type           Power      Damage    Failure   Level
 Lesser Beckoning         Tloc           20%        N/A       21%         3
 Foxfire                  Conj/Fire      4%         2x1d4     22%         1
 Vhi's Electric Charge    Tloc/Air       12%        N/A       36%         3
 Manifold Assault         Tloc           10%        N/A       54%         4
 Fireball                 Conj/Fire      0%         3d3       99%         5
 Starburst                Conj/Fire      0%         6d3       100%        6


Dungeon Overview and Level Annotations

Branches:
Dungeon (2/15)

Altars:
Makhleb


Innate Abilities, Weirdness & Mutations

You are too large for most types of armour.
You have tough skin. (AC +1)


Message History

The adder is severely wounded.
You feel sick. The adder bites you. The adder misses you.
You barely miss the adder.
The adder is severely wounded.
You feel sick.
You are no longer poisoned.
The adder bites you.
You are poisoned.
The adder poisons you!
You hit the adder.
You kill the adder!
You feel sick.
You have reached level 4!
You feel sick. The kobold attacks as you move away!
The kobold hits you with a +0 short sword.
* * * LOW HITPOINT WARNING * * *
You feel sick. The kobold attacks as you move away!
The kobold hits you but does no damage.
You feel sick.
You feel sick.
You are no longer poisoned.
The bat closely misses you. The bat hits you but does no damage.
You sock the bat!
You kill the bat!
The kobold barely misses you.
You hit the rat but do no damage. The kobold barely misses you.
The rat barely misses you.
Unknown command.
You barely miss the rat.
The kobold hits you with a +0 short sword.
* * * LOW HITPOINT WARNING * * *
The rat bites you.
* * * LOW HITPOINT WARNING * * *
The kobold closely misses you. The rat completely misses you.
Unknown command.
You hit the rat.
The rat is moderately wounded.
The kobold hits you with a +0 short sword.
You die...

.... #.#.###.##..#
.#....#.#.# #....#
###......# ###..#
#.#.K..###....#
......>Sr...#.##
#..........#...####
#...#.#..#.#S#....#
#...#....#.#.#r##.#
#...###..#.#K#@##.#
.. ##...#.#K##.#
#####.SK##.#
######.# ####.#
####### #....#
#.....# #.####
#.###.# #.# #.# #.#
####.#####


You could see an adder, 2 kobolds and a rat.

Vanquished Creatures
  3 adders (D:2)
  3 ball pythons (D:1)
  3 bats
  2 endoplasms (D:1)
  A giant cockroach (D:1)
  5 goblins (D:1)
  2 hobgoblins (D:1)
  A quokka (D:1)
  A frilled lizard (D:1)
  3 kobolds
  7 rats
31 creatures vanquished.

Notes
Turn   | Place    | Note
-------+----------+-------------------------------------------
     0 | D:1      | Ignak the Ogre Warper began the quest for the Orb.
     0 | D:1      | Reached XP level 1. HP: 22/22 MP: 3/3
   155 | D:1      | Found a faded altar of an unknown god.
   165 | D:1      | Reached XP level 2. HP: 23/29 MP: 3/5
   251 | D:1      | Learned a level 2 spell: Blink
   389 | D:1      | Reached skill level 3 in Fighting
   918 | D:1      | Reached XP level 3. HP: 37/37 MP: 7/7
   936 | D:1      | Learned a level 3 spell: Teleport Other
  1028 | D:2      | Found a burning altar of Makhleb.
  1190 | D:2      | Reached XP level 4. HP: 12/45 MP: 8/8
  1198 | D:2      | Slain by a kobold

Illustrated notes

Levels and vault maps discovered:
D:1:      dpeg_arrival_ratfight, layout_loops_cross,
          nicolae_ecumenical_snake_handling
D:2:      layout_basic, basic_altar, serial_shops, nicolae_shop_crystal,
          minmay_tetromino_i4, uniq_natasha

Skill      XL: |  1  2 |
---------------+-------+-----
Fighting       | 3 |  3.3
Maces & Flails | 2 |  2.3
Throwing       | |  1.4
Dodging        | |  2.6
Unarmed Combat | |  0.3
Spellcasting   | |  2.7
Translocations | |  2.9

Action                   |  1- 3 |  4- 6 || total
-------------------------+-------+-------++-------
Melee: Mace              |   115 |     4 ||   119
       Punch             |     1 |       ||     1
Throw: Javelin           |     2 |       ||     2
Armor: Robe              |    41 |     2 ||    43
Dodge: Dodged            |    81 |     6 ||    87

Table legend: (Time is in decaauts)
 A = Elapsed time spent in this place.
 B = Non-inter-level travel time spent in this place.
 C = Inter-level travel time spent in this place.
 D = Time resting spent in this place.
 E = Time spent auto-exploring this place.
 F = Levels seen in this place.
 G = Mean time per level.
                   A        B        C        D        E       F      G
               +--------+--------+--------+--------+--------+-----+--------+
         Total |   1233 |   1213 |     20 |     62 |    803 |   2 |  616.5 |
       Dungeon |   1233 |   1213 |     20 |     62 |    803 |   2 |  616.5 |
               +--------+--------+--------+--------+--------+-----+--------+

Top non-repeatable levels by time:
     D:1: 995 daAuts
     D:2: 237 daAuts
